 Dungeon Crawl Stone Soup version 0.30-a0-808-g6e0788376e (webtiles) character file.

Game seed: 16422526957572486640

2744 hikkokomori the Covert (level 9, -6/54 HPs)
             Began as a Gargoyle Earth Elementalist on Feb 26, 2023.
             Killed by divine providence
             ... invoked by an orc priest
              (17 damage)
             ... on level 6 of the Dungeon.
             The game lasted 00:13:18 (6766 turns).

hikkokomori the Covert (GrEE)                       Turns: 6766, Time: 00:13:19

Health: -6/54      AC: 15    Str: 20    XL:     9   Next: 68%
Magic:  4/12       EV: 11    Int: 17    God:
Gold:   124        SH: 10    Dex: 16    Spells: 4/12 levels left

rFire   . . .      SeeInvis +    w - +7 flail of the Big Fish {elec, Str+4}
rCold   + . .      Faith    .    g - +0 buckler
rNeg    + . .      Spirit   .    t - +2 robe
rPois   ∞          Reflect  +    a - +0 helmet
rElec   +          Harm     .    (no cloak)
rCorr   .          Rampage  .    P - +1 pair of gloves
Will    .....                    J - +1 pair of boots {Stlth+}
Stlth   ++++++                   x - amulet of reflection
HPRegen 0.29/turn                p - ring of protection from cold
MPRegen 0.13/turn                H - ring of Peah {Str+4 Int-3 Dex+6 SInv Stlth+}

@: no status effects
A: sickness immunity, AC +6, negative energy resistance 1, electricity
resistance, torment resistance 1, petrification resistance
a: no special abilities


You were on level 6 of the Dungeon.
You visited 2 branches of the dungeon, and saw 7 of its levels.
You also visited: Sewer and Ossuary.

You collected 305 gold pieces.
You spent 181 gold pieces at shops.

Inventory:

Hand Weapons
 e - a +0 mace
 h - a +3 short sword of electrocution
 u - a +1 scythe of flaming
 w - the +7 flail of the Big Fish (weapon) {elec, Str+4}
   (You found it on level 6 of the Dungeon)

   Str:       It affects your strength (+4).
Missiles
 k - 2 atropa-tipped darts
 O - 2 throwing nets
Armour
 a - a +0 helmet (worn)
 g - a +0 buckler (worn)
 t - a +2 robe (worn)
 J - a +1 pair of boots of stealth (worn)
 P - a +1 pair of gloves (worn)
Jewellery
 p - a ring of protection from cold (left hand)
 x - an amulet of reflection (around neck)
 y - a +6 ring of strength
 H - the ring of Peah (right hand) {Str+4 Int-3 Dex+6 SInv Stlth+}
   (You found it on level 4 of the Dungeon)

   [ring of dexterity]

   Str:       It affects your strength (+4).
   Int:       It affects your intelligence (-3).
   Dex:       It affects your dexterity (+6).
   SInv:      It lets you see invisible.
   Stlth:     It makes you more stealthy.
 K - a ring of flight
 L - an amulet of regeneration
Wands
 o - a wand of charming (2)
 M - a wand of roots (5)
Scrolls
 i - 3 scrolls of vulnerability
 l - a scroll of poison
 m - 4 scrolls of teleportation
 q - a scroll of blinking
 C - a scroll of fear
 F - a scroll of magic mapping {unknown}
 G - a scroll of brand weapon {unknown}
 N - a scroll of enchant weapon
Potions
 b - 3 potions of magic
 c - 2 potions of cancellation {unknown}
 d - 5 potions of mutation
 f - 5 potions of lignification
 j - a potion of curing
 n - 6 potions of flight {unknown}
 r - a potion of heal wounds {unknown}
 s - 2 potions of brilliance
 v - a potion of berserk rage {unknown}
 z - 3 potions of attraction {unknown}
 A - 2 potions of ambrosia {unknown}
 B - 2 potions of degeneration {unknown}
 D - 4 potions of haste {unknown}
 I - a potion of might {unknown}


   Skills:
 + Level 5.0 Fighting
 - Level 1.5 Dodging
 - Level 8.0 Stealth
 - Level 5.0 Shields
 - Level 2.0 Spellcasting
 + Level 5.9 Conjurations
 - Level 0.7 Transmutations
 - Level 7.1 Earth Magic
 + Level 4.5 Poison Magic


You had 4 spell levels left.
You knew the following spells:

 Your Spells              Type           Power      Damage    Failure   Level
a - Sandblast             Erth           50%        2d12      1%          1
b - Stone Arrow           Conj/Erth      46%        3d9       4%          3
c - Olgreb's Toxic Radia  Pois           17%        N/A       36%         4

Your spell library contained the following spells:

 Spells                   Type           Power      Damage    Failure   Level
 Passwall                 Tmut/Erth      12%        N/A       8%          2
 Sting                    Tmut/Pois      40%        1d5       9%          1
 Poisonous Vapours        Pois/Air       18%        N/A       14%         2
 Lesser Beckoning         Tloc           2%         N/A       36%         2
 Petrify                  Tmut/Erth      15%        N/A       45%         4
 Gell's Gravitas          Tloc           1%         N/A       58%         3
 Teleport Other           Tloc           1%         N/A       58%         3


Dungeon Overview and Level Annotations

Branches:
Dungeon (6/15)             Temple (1/1) D:4           Sewer (visited)
Ossuary (visited)

Altars:
Ashenzari
Cheibriados
Dithmenos
Fedhas
Hepliaklqana
Kikubaaqudgha
Makhleb
Qazlal
Ru
Sif Muna
Trog
Uskayaw
Wu Jian
Yredelemnul
Zin
The Shining One

Shops:
D:3 :   D:4 [


Innate Abilities, Weirdness & Mutations

You are immune to sickness and miasma.
Your stone body is resilient. (AC +6)
You are immune to poison.
You resist negative energy. (rN+)
You are resistant to electric shocks. (rElec)
You are resistant to unholy torment.
You are immune to petrification.


Message History

Confirm with . or Enter, or press ? or * to list all spells.
Aiming: Sandblast (safe; 1% risk of failure)
Press: ? - help, Shift-Dir - straight line, f/p - orc priest
Aim: an orc priest, wielding a +0 hand axe and wearing a +0 leather armour (lightly wounded, 83% to hit)
The blast of sand hits the orc priest!
The orc priest is heavily wounded.
You block the orc priest's attack.
The orc priest mumbles some strange prayers to Beogh against you.
Beogh smites you!
* * * LOW HITPOINT WARNING * * *
The orc priest hits you with a +0 mace.
* * * LOW HITPOINT WARNING * * *
The orc priest begins to cast a cantrip, but forgets the words!
Casting: Sandblast (safe; 1% risk of failure)
Confirm with . or Enter, or press ? or * to list all spells.
Okay, then.
You feel better.
The orc priest hits you but does no damage.
You block the orc priest's attack.
Casting: Sandblast (safe; 1% risk of failure)
Confirm with . or Enter, or press ? or * to list all spells.
Aiming: Sandblast (safe; 1% risk of failure)
Press: ? - help, Shift-Dir - straight line, f/p - orc priest
Aim: an orc priest, wielding a +0 hand axe and wearing a +0 leather armour (heavily wounded, 83% to hit)
The blast of sand hits the orc priest.
The orc priest is severely wounded.
You block the orc priest's attack.
The orc priest hits you but does no damage.
Casting: Sandblast (safe; 1% risk of failure)
Confirm with . or Enter, or press ? or * to list all spells.
Aiming: Sandblast (safe; 1% risk of failure)
Press: ? - help, Shift-Dir - straight line, f/p - orc priest
Aim: an orc priest, wielding a +0 hand axe and wearing a +0 leather armour (heavily wounded, 83% to hit)
The blast of sand misses the orc priest.
The orc priest mumbles some strange prayers to Beogh against you.
You are unaffected.
The orc priest closely misses you. You block the orc priest's attack.
The orc priest mumbles some strange prayers to Beogh against you.
Beogh smites you!
You die...

### #.###...## #.#.#
..# #.# ##.## #.#.#
#.# #.# #.# #.#.# #.#
#)# #.#########.#.#
#.#
#.####.#...........#
#.##
#..........####.####
...###..###.###.# #.#
....)...# #.# #.####.#
......).###+###.@o.#.#
#.#.##..###_+..o##.#.#
#.#.##..###+###.##...#
..#.#...# #.# #.##.###
###..#..###.###....#
#..............###
##.#.#.####.##o#
##...## #.##.# ###
##.## .##.#


You could see 2 orc priests.

Vanquished Creatures
  Sigmund (D:2)
  2 water moccasins
  3 black bears
  3 ogres
  3 bullfrogs
  A necrophage (D:2)
  3 scorpions
  4 water moccasin zombies (Ossuary)
  6 killer bees
  3 hounds
  A gnoll bouda (D:5)
  4 jellies
  An orc priest (D:5)
  Jessica (D:2)
  Terence (D:3)
  An iguana (D:5)
  3 orc wizards
  2 mummies (Ossuary)
  9 gnolls
  9 adders
  6 river rats
  A shadow imp (D:6)
  An ufetubus (D:5)
  5 adder zombies (Ossuary)
  3 worms
  10 orcs
  13 ball pythons
  7 endoplasms
  6 giant cockroaches
  13 goblins
  10 hobgoblins
  10 jackals
  6 quokkas
  6 bats
  5 frilled lizards
  3 gnoll zombies (Ossuary)
  4 hobgoblin zombies (Ossuary)
  11 kobolds
  4 kobold zombies (Ossuary)
  3 orc zombies (Ossuary)
  32 rats
220 creatures vanquished.

Vanquished Creatures (others)
  A kobold brigand (D:6)
1 creature vanquished.

Grand Total: 221 creatures vanquished

Notes
Turn   | Place    | Note
-------+----------+-------------------------------------------
     0 | D:1      | hikkokomori the Gargoyle Earth Elementalist began the quest
                  | for the Orb.
     0 | D:1      | Reached XP level 1. HP: 10/10 MP: 3/3
   191 | D:1      | Reached XP level 2. HP: 13/15 MP: 1/5
   563 | D:1      | Reached skill level 3 in Stealth
   754 | D:1      | Reached XP level 3. HP: 19/19 MP: 4/6
  1058 | D:2      | Reached skill level 1 in Shields
  1140 | D:2      | Noticed a necrophage
  1148 | D:2      | Killed a necrophage
  1149 | D:2      | Reached XP level 4. HP: 22/24 MP: 0/7
  1300 | D:2      | Noticed Sigmund
  1554 | D:2      | Noticed Jessica
  1559 | D:2      | Killed Jessica
  1560 | D:2      | Reached skill level 4 in Stealth
  1560 | D:2      | Reached skill level 5 in Earth Magic
  1560 | D:2      | Reached XP level 5. HP: 28/28 MP: 4/8
  1653 | D:2      | Killed Sigmund
  1654 | D:2      | Reached XP level 6. HP: 32/32 MP: 3/9
  1902 | D:3      | Noticed Terence
  1907 | D:3      | Killed Terence
  1908 | D:3      | Reached skill level 5 in Stealth
  2140 | D:3      | Found a glowing drain.
  2149 | Sewer    | Entered a sewer
  2278 | Sewer    | Reached XP level 7. HP: 36/36 MP: 4/10
  2284 | Sewer    | Learned a level 3 spell: Stone Arrow
  2692 | Sewer    | Reached skill level 1 in Conjurations
  2973 | D:3      | Found Poxah's Book Boutique.
  3326 | D:4      | Identified the ring of Peah {Str+4 Int-3 Dex+6 SInv Stlth+}
  3530 | D:4      | Reached skill level 6 in Stealth
  3530 | D:4      | Found a sand-covered staircase.
  3539 | Ossuary  | Entered an ossuary
  3596 | Ossuary  | Reached XP level 8. HP: 41/41 MP: 5/11
  3661 | Ossuary  | Reached skill level 5 in Shields
  3764 | Ossuary  | Learned a level 4 spell: Olgreb's Toxic Radiance
  4066 | D:4      | Reached skill level 1 in Fighting
  4066 | D:4      | Reached skill level 1 in Poison Magic
  4134 | D:4      | Found Vyrrew's Armour Shop.
  4164 | D:4      | Bought a +1 pair of boots of stealth for 181 gold pieces
  4647 | D:4      | Found a staircase to the Ecumenical Temple.
  4778 | Temple   | Entered the Ecumenical Temple
  4827 | D:5      | Entered Level 5 of the Dungeon
  4840 | D:5      | Reached skill level 7 in Stealth
  5457 | D:5      | Reached XP level 9. HP: 50/50 MP: 9/12
  5609 | D:5      | Reached skill level 5 in Conjurations
  5617 | D:5      | Reached skill level 8 in Stealth
  6542 | D:6      | Found an ancient bone altar of Kikubaaqudgha.
  6580 | D:6      | Identified the +7 flail of the Big Fish {elec, Str+4}
  6705 | D:6      | Reached skill level 5 in Fighting
  6766 | D:6      | Killed from afar by an orc priest

Illustrated notes

Levels and vault maps discovered:
D:1:      saegor_arrival_simple_a, layout_basic, minmay_door_square,
          nicolae_kite_square_tiling_tiny
D:2:      layout_rooms, uniq_jessica, uniq_sigmund
D:3:      layout_rooms, serial_shops, shop, lightli_sewer_entry_pipes,
          minmay_hedge_maze, minmay_goblin_kobold_house, uniq_terence
D:4:      layout_basic, minmay_temple_entry_tees, serial_shops,
          nicolae_shop_trees, nicolae_ossuary_entry_false_entrances
D:5:      layout_basic, minmay_starry_boxes
D:6:      layout_loops_ring, lemuel_doored_altar, uniq_blork_the_orc
Temple:   hellmonk_temple_two_chambers

Skill      XL: |  1  2  3  4  5  6  7  8  9 |
---------------+----------------------------+-----
Earth Magic    | 4 5 6 7 |  7.1
Stealth        | 3 4 5 6 7 8 |  8.0
Shields        | 2 3 4 5 |  5.0
Conjurations   | 2 4 5 |  5.9
Fighting       | 3 5 |  5.0
Poison Magic   | 2 4 |  4.5
Dodging        | |  1.5
Spellcasting   | |  2.0
Transmutations | |  0.7

Action                     |  1- 3 |  4- 6 |  7- 9 || total
---------------------------+-------+-------+-------++-------
  Melee: Mace              |    14 |       |       ||    14
         Short sword       |     5 |    25 |    34 ||    64
         Punch             |       |     1 |       ||     1
  Throw: Dart              |       |     2 |       ||     2
   Cast: Sandblast         |    37 |    64 |   273 ||   374
    Use: Scroll            |       |     9 |     6 ||    15
         Potion            |       |     1 |     1 ||     2
   Stab: Sleeping          |       |     1 |     1 ||     2
 Armour: Robe              |    17 |    18 |   101 ||   136
  Dodge: Dodged            |    31 |    31 |   135 ||   197
  Block: Other             |       |     3 |       ||     3
         Buckler           |       |       |   150 ||   150
         Reflection        |       |       |     2 ||     2

Table legend: (Time is in decaauts)
 A = Elapsed time spent in this place.
 B = Non-inter-level travel time spent in this place.
 C = Inter-level travel time spent in this place.
 D = Time resting spent in this place.
 E = Time spent auto-exploring this place.
 F = Levels seen in this place.
 G = Mean time per level.
                   A        B        C        D        E       F      G
               +--------+--------+--------+--------+--------+-----+--------+
         Total |   7029 |   6847 |    182 |    331 |   4998 |   9 |  781.0 |
       Dungeon |   5647 |   5466 |    181 |    148 |   4154 |   6 |  941.2 |
        Temple |     30 |     30 |      0 |      0 |     10 |   1 |   30.0 |
         Sewer |    818 |    818 |      0 |    183 |    415 |   1 |  818.0 |
       Ossuary |    532 |    532 |      0 |      0 |    419 |   1 |  532.0 |
               +--------+--------+--------+--------+--------+-----+--------+

Top non-repeatable levels by time:
     D:5: 1209 daAuts
     D:1: 1202 daAuts
     D:4: 997 daAuts
     D:3: 819 daAuts
   Sewer: 818 daAuts
     D:6: 784 daAuts
     D:2: 634 daAuts
 Ossuary: 532 daAuts
  Temple: 30 daAuts
